NWL (28 & UNDER)
BISMARCK BARONS @ MOOSE JAW GHOSTBUSTERS
09/06/2030
 
TOP OF THE 1ST
Bismarck Barons batting - Pitching for Moose Jaw Ghostbusters : RHP Bennett Greer
Pitching: RHP Bennett Greer
Batting: LHB Orlando Hernández 0-0: Fly out, F8 (Flyball, 8RD)
Batting: RHB Juan Martínez 0-0: Ball
1-0: Called Strike
1-1: Foul Ball, location: 2F
1-2: Strikes out looking
Batting: LHB Paul Lee 0-0: Swinging Strike
0-1: SINGLE (Groundball, 4MD)
Batting: RHB Luis Cherena 0-0: Ball
1-0: Foul Ball, location: 2F
1-1: Ball
2-1: Swinging Strike
2-2: Fielders Choice at 2nd, 5-4 (Groundball, 56)
Top of the 1st over - 0 runs, 1 hit, 0 errors, 1 left on base; Bismarck 0 - Moose Jaw 0
BOTTOM OF THE 1ST
Moose Jaw Ghostbusters batting - Pitching for Bismarck Barons : RHP Ángel Gil
Pitching: RHP Ángel Gil
Batting: SHB Lonnie Washington 0-0: Ball
1-0: Ball
2-0: Ball
3-0: Called Strike
3-1: Called Strike
3-2: Base on Balls
Batting: RHB Edmund Kline 0-0: Foul Ball, location: 2F
0-1: Foul Ball, location: 2F
0-2: Ball
1-2: Strikes out swinging
Batting: RHB Aaron Murray 0-0: Ball
1-0: Ball
2-0: Ball
3-0: Called Strike
3-1: Base on Balls
Lonnie Washington to second
Batting: LHB Bill O'Higgins 0-0: Foul Ball, location: 2F
0-1: Foul Ball, location: 2F
0-2: Ball
1-2: Foul Ball, location: 2F
1-2: Strikes out swinging
Batting: RHB José Maldonado 0-0: Foul Ball, location: 2F
0-1: Ball
1-1: Ball
2-1: Swinging Strike
2-2: DOUBLE (Line Drive, 9LM)
Lonnie Washington scores
Aaron Murray to third
Runner from 3rd tries for Home, throw and OUT!
Bottom of the 1st over - 1 run, 1 hit, 0 errors, 1 left on base; Bismarck 0 - Moose Jaw 1
TOP OF THE 2ND
Bismarck Barons batting - Pitching for Moose Jaw Ghostbusters : RHP Bennett Greer
Batting: RHB Jonathan Jackson 0-0: Called Strike
0-1: Ball
1-1: Ball
2-1: Foul Ball, location: 2F
2-2: Ball
3-2: Base on Balls
Batting: RHB Vincente Ramírez 0-0: Called Strike
0-1: Foul Ball, location: 2F
0-2: Ball
1-2: Strikes out swinging
Batting: RHB Jason Smith 0-0: SINGLE (Groundball, 6MD)
Jonathan Jackson to second
Batting: LHB Ralph Jackson 0-0: Called Strike
0-1: Ball
1-1: Ball
2-1: Called Strike
2-2: Foul Ball, location: 2F
2-2: Ball
3-2: Foul Ball, location: 2F
3-2: SINGLE (Groundball, 3D)
Jonathan Jackson to third
Jason Smith to second
Runner from 3rd tries for Home, SAFE, no throw
Batting: RHB Matt Cole 0-0: Ball
1-0: Foul Ball, location: 2F
1-1: Ball
2-1: Swinging Strike
2-2: Strikes out swinging
Batting: LHB Orlando Hernández 0-0: Ground out 3-1 (Groundball, 34S)
Top of the 2nd over - 1 run, 2 hits, 0 errors, 2 left on base; Bismarck 1 - Moose Jaw 1
BOTTOM OF THE 2ND
Moose Jaw Ghostbusters batting - Pitching for Bismarck Barons : RHP Ángel Gil
Batting: RHB Scott McGuire 0-0: Ball
1-0: Called Strike
1-1: Fly out, F4 (Popup, 4S)
Batting: LHB Bernard Lane 0-0: Ball
1-0: Ball
2-0: SINGLE (Groundball, 6D)
Batting: RHB Preston Manning 0-0: Ball
1-0: Ball
2-0: Ball
3-0: Base on Balls
Bernard Lane to second
Batting: RHB Russ Long 0-0: Foul Ball, location: 2F
0-1: Ball
1-1: Foul Ball, location: 2F
1-2: Ground out 6-3 (Groundball, 6S)
Bernard Lane to third
Preston Manning to second
Batting: SHB Lonnie Washington 0-0: Ball
1-0: Foul Ball, location: 2F
1-1: Ball
2-1: Ball
3-1: Foul Ball, location: 2F
3-2: Base on Balls
Batting: RHB Edmund Kline 0-0: Called Strike
0-1: Foul Ball, location: 2F
0-2: Ball
1-2: Fly out, F5 (Line Drive, 5)
Bottom of the 2nd over - 0 runs, 1 hit, 0 errors, 3 left on base; Bismarck 1 - Moose Jaw 1
TOP OF THE 3RD
Bismarck Barons batting - Pitching for Moose Jaw Ghostbusters : RHP Bennett Greer
Batting: RHB Juan Martínez 0-0: Ball
1-0: Ball
2-0: Ball
3-0: Called Strike
3-1: Swinging Strike
3-2: SINGLE (Line Drive, 4D)
Batting: LHB Paul Lee 0-0: Called Strike
0-1: Called Strike
0-2: Fly out, F7 (Flyball, 7S)
Batting: RHB Luis Cherena 0-0: Ball
1-0: Ball
2-0: Called Strike
2-1: Ball
3-1: Grounds into double play, 4-6-3 (Groundball, 4)
Top of the 3rd over - 0 runs, 1 hit, 0 errors, 0 left on base; Bismarck 1 - Moose Jaw 1
BOTTOM OF THE 3RD
Moose Jaw Ghostbusters batting - Pitching for Bismarck Barons : RHP Ángel Gil
Batting: RHB Aaron Murray 0-0: Ball
1-0: Foul Ball, location: 2F
1-1: Fly out, F5 (Line Drive, 5S)
Batting: LHB Bill O'Higgins 0-0: Ball
1-0: Ball
2-0: Foul Ball, location: 2F
2-1: Called Strike
2-2: Ball
3-2: Base on Balls
Batting: RHB José Maldonado 0-0: Ball
1-0: Ball
2-0: Ball
3-0: Called Strike
3-1: Swinging Strike
3-2: Ground out 3-1 (Groundball, 34S)
Bill O'Higgins to second
Batting: RHB Scott McGuire 0-0: Called Strike
0-1: Ball
1-1: Ball
Wild Pitch!
Bill O'Higgins to third
2-1: Ball
3-1: Foul Ball, location: 2F
3-2: Strikes out swinging
Bottom of the 3rd over - 0 runs, 0 hits, 0 errors, 1 left on base; Bismarck 1 - Moose Jaw 1
TOP OF THE 4TH
Bismarck Barons batting - Pitching for Moose Jaw Ghostbusters : RHP Bennett Greer
Batting: RHB Jonathan Jackson 0-0: Called Strike
0-1: Ball
1-1: Foul Ball, location: 2F
1-2: Ball
2-2: Ground out 4-3 (Groundball, 4)
Batting: RHB Vincente Ramírez 0-0: DOUBLE (Line Drive, 9LM)
Batting: RHB Jason Smith 0-0: Ball
1-0: Ball
2-0: SINGLE (Line Drive, 56)
Vincente Ramírez to third
Runner from 3rd tries for Home, SAFE, no throw
Batting: LHB Ralph Jackson 0-0: Fly out, F7 (Line Drive, 7S)
Batting: RHB Matt Cole 0-0: Fly out, F8 (Flyball, 8RM)
Top of the 4th over - 1 run, 2 hits, 0 errors, 1 left on base; Bismarck 2 - Moose Jaw 1
BOTTOM OF THE 4TH
Moose Jaw Ghostbusters batting - Pitching for Bismarck Barons : RHP Ángel Gil
Batting: LHB Bernard Lane 0-0: Ball
1-0: Ball
2-0: Ball
3-0: Called Strike
3-1: Foul Ball, location: 2F
3-2: Base on Balls
Batting: RHB Preston Manning 0-0: Called Strike
0-1: Foul Ball, location: 2F
0-2: Ball
1-2: Ball
2-2: Hit by Pitch
Bernard Lane to second
Batting: RHB Russ Long 0-0: Ball
1-0: 3-RUN HOME RUN (Line Drive, 9D), Distance : 356 ft
Batting: SHB Lonnie Washington 0-0: Foul Ball, location: 2F
0-1: Ball
1-1: Ball
2-1: Ball
3-1: Ground out 5-3 (Groundball, 5)
Batting: RHB Edmund Kline 0-0: Ground out 6-3 (Groundball, 6)
Batting: RHB Aaron Murray 0-0: Ball
1-0: Ball
2-0: Called Strike
2-1: Ball
3-1: Swinging Strike
3-2: Base on Balls
Batting: LHB Bill O'Higgins 0-0: Ball
1-0: Fielders Choice at 2nd, 6-4 (Groundball, 6)
Bottom of the 4th over - 3 runs, 1 hit, 0 errors, 1 left on base; Bismarck 2 - Moose Jaw 4
TOP OF THE 5TH
Bismarck Barons batting - Pitching for Moose Jaw Ghostbusters : RHP Bennett Greer
Batting: LHB Orlando Hernández 0-0: Ball
1-0: Ground out 5-3 (Groundball, 5D)
Batting: RHB Juan Martínez 0-0: Ground out 5-3 (Groundball, 56)
Batting: LHB Paul Lee 0-0: Fly out, F7 (Flyball, 7)
Top of the 5th over - 0 runs, 0 hits, 0 errors, 0 left on base; Bismarck 2 - Moose Jaw 4
BOTTOM OF THE 5TH
Moose Jaw Ghostbusters batting - Pitching for Bismarck Barons : RHP Ángel Gil
Batting: RHB José Maldonado 0-0: Ball
1-0: Foul Ball, location: 2F
1-1: Fly out, F8 (Flyball, 8RM)
Batting: RHB Scott McGuire 0-0: SINGLE (Groundball, 6MD)
Batting: LHB Bernard Lane 0-0: Ball
1-0: Ball
2-0: Foul Ball, location: 2F
2-1: Foul Ball, location: 2F
2-2: Foul Ball, location: 2F
2-2: Strikes out looking
Batting: RHB Preston Manning 0-0: Ball
1-0: Swinging Strike
1-1: Foul Ball, location: 2F
1-2: Ball
2-2: SINGLE (Line Drive, 8RS)
Scott McGuire to second
Pitching: RHP Jorge Ruíz
Batting: RHB Russ Long 0-0: Fly out, F7 (Flyball, 7LS)
Bottom of the 5th over - 0 runs, 2 hits, 0 errors, 2 left on base; Bismarck 2 - Moose Jaw 4
TOP OF THE 6TH
Bismarck Barons batting - Pitching for Moose Jaw Ghostbusters : RHP Bennett Greer
Batting: RHB Luis Cherena 0-0: Foul Ball, location: 2F
0-1: Called Strike
0-2: Ball
1-2: Ball
2-2: Ball
3-2: Base on Balls
Batting: RHB Jonathan Jackson 0-0: Swinging Strike
0-1: Swinging Strike
0-2: Fly out, F8 (Flyball, 8RXD)
Runner from 1st tags up, SAFE at 2nd
Batting: RHB Vincente Ramírez 0-0: Ground out 6-3 (Groundball, 6S)
Luis Cherena to third
Batting: RHB Jason Smith 0-0: Called Strike
0-1: Fly out, F7 (Flyball, 7)
Top of the 6th over - 0 runs, 0 hits, 0 errors, 1 left on base; Bismarck 2 - Moose Jaw 4
BOTTOM OF THE 6TH
Moose Jaw Ghostbusters batting - Pitching for Bismarck Barons : RHP Jorge Ruíz
Batting: SHB Lonnie Washington 0-0: Swinging Strike
0-1: Ball
1-1: Ball
2-1: Foul Ball, location: 2F
2-2: Reached on error, E4 (Groundball, 34D)
Batting: RHB Edmund Kline 0-0: Called Strike
0-1: Ball
1-1: Ball
2-1: Foul Ball, location: 2F
2-2: Foul Ball, location: 2F
2-2: Foul Ball, location: 2F
2-2: Foul Ball, location: 2F
2-2: Foul Ball, location: 2F
2-2: Strikes out swinging
Batting: RHB Aaron Murray 0-0: Ball
Wild Pitch!
Lonnie Washington to second
1-0: Swinging Strike
1-1: Called Strike
1-2: Ball
2-2: Strikes out looking
Batting: LHB Bill O'Higgins 0-0: Ball
1-0: Foul Ball, location: 2F
1-1: Called Strike
1-2: Foul Ball, location: 2F
1-2: Fly out, F6 (Line Drive, 6M)
Bottom of the 6th over - 0 runs, 0 hits, 1 error, 1 left on base; Bismarck 2 - Moose Jaw 4
TOP OF THE 7TH
Bismarck Barons batting - Pitching for Moose Jaw Ghostbusters : RHP Bennett Greer
Batting: LHB Ralph Jackson 0-0: Ball
1-0: Swinging Strike
1-1: Foul Ball, location: 2F
1-2: Strikes out swinging
Batting: RHB Matt Cole 0-0: Ball
1-0: Ground out 1-3 (Groundball, 13)
Batting: LHB Orlando Hernández 0-0: Ball
1-0: Ball
2-0: SINGLE (Flyball, 78S)
Batting: RHB Juan Martínez 0-0: Ball
1-0: Foul Ball, location: 2F
1-1: Ball
2-1: Swinging Strike
2-2: Ball
3-2: Base on Balls
Orlando Hernández to second
Batting: LHB Paul Lee 0-0: Foul Ball, location: 2F
0-1: Ground out 4-3 (Groundball, 4)
Top of the 7th over - 0 runs, 1 hit, 0 errors, 2 left on base; Bismarck 2 - Moose Jaw 4
BOTTOM OF THE 7TH
Moose Jaw Ghostbusters batting - Pitching for Bismarck Barons : RHP Jorge Ruíz
Batting: RHB José Maldonado 0-0: Ball
1-0: Ball
2-0: Ball
3-0: Base on Balls
Batting: RHB Scott McGuire 0-0: Ball
1-0: Called Strike
1-1: SINGLE (Line Drive, 7LS)
José Maldonado to second
Pinch Hitting: RHB Bob Cole 0-0: SINGLE (Line Drive, 78S)
José Maldonado to third
Scott McGuire to second
Pinch Hitting: LHB John Stone 0-0: Ball
1-0: Ball
2-0: Ball
3-0: Called Strike
3-1: Grounds into fielders choice 6-2 (Groundball, 6M)
Scott McGuire to third
Bob Cole to second
Pinch Hitting: SHB Martín Cruz 0-0: TRIPLE (Line Drive, 78XD)
Scott McGuire scores
Bob Cole scores
John Stone scores
Batting: SHB Lonnie Washington 0-0: Ball
1-0: Ball
2-0: Foul Ball, location: 2F
2-1: Ball
3-1: Foul Ball, location: 2F
3-2: Fly out, F7 (Flyball, 7S)
Batting: RHB Edmund Kline 0-0: Ball
1-0: Ball
2-0: Foul Ball, location: 2F
2-1: Swinging Strike
2-2: Strikes out swinging
Bottom of the 7th over - 3 runs, 3 hits, 0 errors, 1 left on base; Bismarck 2 - Moose Jaw 7
TOP OF THE 8TH
Bismarck Barons batting - Pitching for Moose Jaw Ghostbusters : RHP Bennett Greer
Pitching: LHP Colton Elías
Now at 1B: Tony Beck
Now at 3B: Martín Cruz
Now in CF: John Stone
Batting: RHB Luis Cherena 0-0: Ball
1-0: Foul Ball, location: 2F
1-1: Foul Ball, location: 2F
1-2: Ball
2-2: Foul Ball, location: 2F
2-2: Ground out 6-3 (Groundball, 6S)
Batting: RHB Jonathan Jackson 0-0: Ball
1-0: Called Strike
1-1: DOUBLE (Line Drive, 8LD)
Batting: RHB Vincente Ramírez 0-0: Ball
1-0: Called Strike
1-1: Ground out 6-3 (Groundball, 6)
Batting: RHB Jason Smith 0-0: Ball
1-0: Fly out, F1 (Line Drive, 13)
Top of the 8th over - 0 runs, 1 hit, 0 errors, 1 left on base; Bismarck 2 - Moose Jaw 7
BOTTOM OF THE 8TH
Moose Jaw Ghostbusters batting - Pitching for Bismarck Barons : RHP Jorge Ruíz
Batting: RHB Aaron Murray 0-0: Ball
1-0: Ground out 4-3 (Groundball, 4)
Batting: LHB Bill O'Higgins 0-0: SOLO HOME RUN (Flyball, 9D), Distance : 342 ft
Batting: RHB José Maldonado 0-0: Ball
1-0: Ball
2-0: Ball
3-0: Called Strike
3-1: Called Strike
3-2: Foul Ball, location: 2F
3-2: Strikes out swinging
Batting: RHB Scott McGuire 0-0: Swinging Strike
0-1: Ball
1-1: Foul Ball, location: 2F
1-2: Ball
2-2: Ball
3-2: Base on Balls
Batting: LHB Tony Beck 0-0: Ball
1-0: Fly out, F8 (Flyball, 8LD)
Bottom of the 8th over - 1 run, 1 hit, 0 errors, 1 left on base; Bismarck 2 - Moose Jaw 8
TOP OF THE 9TH
Bismarck Barons batting - Pitching for Moose Jaw Ghostbusters : LHP Colton Elías
Batting: LHB Ralph Jackson 0-0: Called Strike
0-1: Swinging Strike
0-2: Strikes out swinging
Batting: RHB Matt Cole 0-0: Ball
1-0: Called Strike
1-1: Foul Ball, location: 2F
1-2: Strikes out swinging
Batting: LHB Orlando Hernández 0-0: Ball
1-0: Ball
2-0: Fly out, F8 (Flyball, 78D)
Top of the 9th over - 0 runs, 0 hits, 0 errors, 0 left on base; Bismarck 2 - Moose Jaw 8
Saturday, April 7th, 2018 - OOTP Baseball 18.8 Build 76